 Dungeon Crawl Stone Soup version 0.31-a0-1370-gf52a5a9ab3 (webtiles) character file.

Game seed: 8805636256444866090

1605 croobank the Firebug (level 8, -11/57 HPs)
             Began as a Demigod Fire Elementalist on Dec 24, 2023.
             Mangled by a two-headed ogre
             ... wielding a +0 giant club
              (28 damage)
             ... on level 7 of the Dungeon.
             The game lasted 00:12:44 (7570 turns).

croobank the Firebug (Demigod Fire Elementalist)    Turns: 7570, Time: 00:12:45

Health: -11/57     AC:  7    Str:  9    XL:     8   Next: 36%
Magic:  6/18       EV: 14    Int: 25    God:
Gold:   253        SH:  0    Dex: 14    Spells: 5/15 levels left

rFire   . . .        i - +2 dagger (drain)
rCold   + . .        (no shield)
rNeg    . . .        a - +0 robe
rPois   .            e - +1 helmet
rElec   .            (no cloak)
rCorr   .            s - +2 pair of gloves
SInv    .            (no boots)
Will    .....        w - amulet of magic regeneration
Stlth   +++          g - ring of wizardry
HPRegen 0.29/turn    j - ring of protection from cold
MPRegen 0.56/turn

%: wizardry (x1)
@: about to teleport, very slightly contaminated
A: high MP 1, forlorn, divine attributes
a: no special abilities


You were on level 7 of the Dungeon.
You visited 1 branch of the dungeon, and saw 7 of its levels.

You collected 253 gold pieces.

Inventory:

Hand Weapons
 i - a +2 dagger of draining (weapon)
 q - a +1 falchion of venom
 r - a +0 long sword
 t - a +3 heavy dire flail
 u - a +2 scythe of holy wrath
Missiles
 n - 15 poisoned darts
 z - 4 boomerangs
Armour
 a - a +0 robe (worn)
 e - a +1 helmet (worn)
 h - a +0 ring mail of cold resistance
 s - a +2 pair of gloves (worn)
Magical Staves
 m - a staff of death
Jewellery
 g - a ring of wizardry (left hand)
 j - a ring of protection from cold (right hand)
 w - an amulet of magic regeneration (around neck)
Wands
 y - a wand of charming (5)
Scrolls
 c - a scroll of teleportation
 l - a scroll of torment
 A - a scroll of identify
Potions
 b - a potion of magic
 d - 3 potions of curing
 f - a potion of attraction
 k - a potion of brilliance
 o - a potion of cancellation
 p - a potion of enlightenment
 v - a potion of heal wounds
 x - a potion of might
 B - a potion of degeneration {unknown}


   Skills:
 + Level 4.7 Dodging
 + Level 5.1 Stealth
 + Level 4.3 Spellcasting
 + Level 4.4 Conjurations
 + Level 5.2 Fire Magic


You had 5 spell levels left.
You knew the following spells:

 Your Spells              Type           Power      Damage    Failure   Level
a - Foxfire               Conj/Fire      100%       2x1d9     1%          1
b - Scorch                Fire           62%        2d7       1%          2
c - Inner Flame           Hex/Fire       18%        N/A       3%          3
d - Flame Wave            Conj/Fire      29%        2d9       4%          4

Your spell library contained the following spells:

 Spells                   Type           Power      Damage    Failure   Level
 Magic Dart               Conj           100%       1d8       1%          1
 Searing Ray              Conj           54%        2d6       1%          2
 Apportation              Tloc           10%        N/A       3%          1
 Volatile Blastmotes      Fire/Tloc      36%        2d13      3%          3
 Hailstorm                Conj/Ice       16%        3d6       4%          3
 Jinxbite                 Hex            10%        N/A       5%          2
 Fulminant Prism          Conj/Alch      8%         3d6       14%         4
 Summon Ice Beast         Ice/Summ       5%         N/A       32%         4
 Alistair's Intoxication  Alch           3%         N/A       65%         5
 Summon Forest            Summ/Tloc      2%         N/A       65%         5
 Eringya's Noxious Bog    Alch           2%         4d6       99%         6
 Simulacrum               Ice/Necr       2%         N/A       99%         6
 Summon Hydra             Summ           2%         N/A       100%        7


Dungeon Overview and Level Annotations

Branches:
Dungeon (7/15)             Temple (0/1) D:5

Shops:
D:4 :

Annotations:
D:3 3 runed translucent doors, Pokonic1's ghost, amateur DsFE
D:4 2 transporters, TransRights's ghost, novice MiFi


Innate Abilities, Weirdness & Mutations

You have an increased reservoir of magic. (+10% MP)
You shall have no god before yourself.
Your divine heritage dramatically boosts your attributes as you level up.


Message History

The two-headed ogre is heavily wounded.
Casting: Scorch (safe; 1% risk of failure)
Confirm with . or Enter, or press ? or * to list all spells.
You miscast Scorch.
You are very lightly contaminated with residual magic.
Nothing appears to happen.
Casting: Scorch (safe; 1% risk of failure)
Confirm with . or Enter, or press ? or * to list all spells.
Flames lash the two-headed ogre.
The two-headed ogre is burned terribly!
The two-headed ogre is severely wounded.
You hear a shout!
The two-headed ogre misses you. The two-headed ogre barely misses you.
Casting: Scorch (safe; 1% risk of failure)
Confirm with . or Enter, or press ? or * to list all spells.
Flames lash the gnoll bouda.
The gnoll bouda is almost dead.
The gnoll bouda's fire resistance burns away.
A gnoll comes into view. It is wielding a +0 halberd.
The gnoll bouda utters an invocation to its god.
The gnoll bouda is healed somewhat.
The two-headed ogre hits you with a +0 giant club!!
The two-headed ogre closely misses you.
Casting: Scorch (safe; 1% risk of failure)
Confirm with . or Enter, or press ? or * to list all spells.
Flames lash the gnoll bouda.
The gnoll bouda is burned terribly!
You kill the gnoll bouda!
Casting: Scorch (safe; 1% risk of failure)
Confirm with . or Enter, or press ? or * to list all spells.
Flames lash the gnoll.
The gnoll is severely wounded.
The gnoll's fire resistance burns away.
The two-headed ogre hits you with a +0 giant club!
* * * LOW HITPOINT WARNING * * *
The two-headed ogre misses you.
As you read the scroll of teleportation, it crumbles to dust.
You feel strangely unstable.
Your attacks no longer feel as feeble.
The gnoll is no longer moving quickly.
The gnoll misses you.
The two-headed ogre hits you with a +0 giant club!!
You die...

g#.#.#.#.#.#.#.#.......
.#.#.#.#.#.#.#.#+.......
#.#.#.#.#.#.#.#.#.......
#g#§#.#.#.#.#.#....####
#.#§#.#.#.#.#+....#
#g#.#.#.#.#.#....#
#g#§#.#.#.#+....#
#O#.#.#.#.#....#
#@#.#.#.#'....#
##########....# #....#
#....# ####....##
#........# #........#
#........# #........#


You could see a two-headed ogre (combustible) and 3 gnolls.

Vanquished Creatures
  Sigmund (D:3)
  Edmund (D:5)
  A sky beast (D:7)
  2 black bears
  An ogre (D:5)
  2 phantoms
  A bullfrog (D:6)
  2 scorpions
  4 hounds
  2 jellies
  2 gnoll boudas
  Terence (D:3)
  4 iguanas
  Robin (D:2)
  6 gnolls
  5 adders
  A white imp (D:5)
  2 bombardier beetles
  2 ufetubi (D:6)
  3 worms
  5 dart slugs
  7 orcs
  14 ball pythons
  6 endoplasms
  3 giant cockroaches
  7 goblins
  11 hobgoblins
  16 jackals
  5 quokkas
  9 bats
  4 frilled lizards
  7 kobolds
  5 rats
143 creatures vanquished.

Vanquished Creatures (others)
  435 foxfires
435 creatures vanquished.

Grand Total: 578 creatures vanquished

Notes
Turn   | Place    | Note
-------+----------+-------------------------------------------
     0 | D:1      | croobank the Demigod Fire Elementalist began the quest for
                  | the Orb.
     0 | D:1      | Reached XP level 1. HP: 14/14 MP: 5/5
   117 | D:1      | Reached skill level 1 in Conjurations
   438 | D:1      | Reached XP level 2. HP: 17/20 MP: 1/7
   441 | D:1      | Learned a level 2 spell: Scorch
  1269 | D:1      | Reached XP level 3. HP: 26/26 MP: 5/8
  2204 | D:2      | Noticed a phantom
  2227 | D:2      | Killed a phantom
  2228 | D:2      | Reached XP level 4. HP: 26/33 MP: 0/10
  2640 | D:2      | Noticed Robin
  2652 | D:2      | Killed Robin
  3334 | D:3      | Reached XP level 5. HP: 38/38 MP: 5/11
  3391 | D:3      | Noticed Terence
  3396 | D:3      | Killed Terence
  3920 | D:3      | Found a runed translucent gate.
  3920 | D:3      | Found a runed translucent gate.
  3922 | D:3      | Found a runed translucent gate.
  3930 | D:3      | Noticed Pokonic1's ghost (amateur DsFE)
  3935 | D:3      | Learned a level 3 spell: Inner Flame
  4023 | D:3      | Noticed Sigmund
  4143 | D:3      | Killed Sigmund
  4144 | D:3      | Reached XP level 6. HP: 42/45 MP: 1/13
  5008 | D:4      | Found a transporter.
  5033 | D:4      | Found a transporter.
  5134 | D:4      | Noticed TransRights's ghost (novice MiFi)
  5575 | D:4      | Reached XP level 7. HP: 45/50 MP: 1/15
  5778 | D:4      | Found Doimui's Book Emporium.
  6073 | D:5      | Entered Level 5 of the Dungeon
  6350 | D:5      | You fall into a shaft and drop 2 floors!
  6513 | D:5      | Noticed Edmund
  6523 | D:5      | Killed Edmund
  6585 | D:5      | Found a staircase to the Ecumenical Temple.
  6696 | D:5      | Reached XP level 8. HP: 57/57 MP: 14/17
  6786 | D:5      | Reached skill level 5 in Fire Magic
  7257 | D:6      | Identified the +9 quarterstaff of Accord {drain, +Blink}
  7406 | D:6      | Learned a level 4 spell: Flame Wave
  7482 | D:7      | Reached skill level 5 in Stealth
  7557 | D:7      | Noticed a two-headed ogre
  7570 | D:7      | Mangled by a two-headed ogre

Illustrated notes

Levels and vault maps discovered:
D:1:      mainiacjoe_arrival_reflecting_pool, layout_basic,
          minmay_misc_feat_nine_boxes, moated_statue, minmay_tetromino_i2
D:2:      layout_loops_ring, basic_altar, uniq_robin
D:3:      layout_basic, gammafunk_ghost_split, serial_glass, glass_columns_a,
          glass_columns_a, glass_columns_a, glass_columns_b, glass_columns_a,
          glass_columns_b, glass_columns_a, glass_columns_a, glass_columns_a,
          glass_columns_c, glass_columns_b, glass_columns_a, glass_columns_b,
          glass_columns_a, amcnicky_mini_corridor_feature, uniq_terence,
          uniq_sigmund
D:4:      layout_loops_ring, gammafunk_ghost_mausoleum, serial_shops, shop,
          kennysheep_dice
D:5:      layout_loops_corners, minmay_temple_entry_mist, uniq_edmund
D:6:      layout_rooms, mainiacjoe_overflow_tiny_flanked
D:7:      layout_basic, grunt_temple_overflow_champion_of_chaos, uniq_menkaure

Skill      XL: |  1  2  3  4  5  6  7  8 |
---------------+-------------------------+-----
Conjurations   | 1 2 3 4 |  4.4
Stealth        | 2 3 4 5 |  5.1
Dodging        | 2 3 4 |  4.7
Spellcasting   | 2 3 4 |  4.3
Fire Magic     | 3 4 5 |  5.2

Action                     |  1- 3 |  4- 6 |  7- 9 || total
---------------------------+-------+-------+-------++-------
  Melee: Dagger            |     8 |    10 |     9 ||    27
   Cast: Foxfire           |    76 |   100 |    89 ||   265
         Scorch            |    16 |    38 |    37 ||    91
         Inner Flame       |       |     2 |       ||     2
    Use: Scroll            |       |    14 |     3 ||    17
   Stab: Sleeping          |     1 |       |       ||     1
 Armour: Robe              |     7 |    20 |    15 ||    42
  Dodge: Dodged            |    12 |    14 |    27 ||    53

Table legend: (Time is in decaauts)
 A = Elapsed time spent in this place.
 B = Non-inter-level travel time spent in this place.
 C = Inter-level travel time spent in this place.
 D = Time resting spent in this place.
 E = Time spent auto-exploring this place.
 F = Levels seen in this place.
 G = Mean time per level.
                   A        B        C        D        E       F      G
               +--------+--------+--------+--------+--------+-----+--------+
         Total |   7567 |   7377 |    190 |   1499 |   4753 |   7 | 1081.0 |
       Dungeon |   7567 |   7377 |    190 |   1499 |   4753 |   7 | 1081.0 |
               +--------+--------+--------+--------+--------+-----+--------+

Top non-repeatable levels by time:
     D:3: 1713 daAuts
     D:1: 1549 daAuts
     D:2: 1451 daAuts
     D:4: 1357 daAuts
     D:5: 1058 daAuts
     D:6: 323 daAuts
     D:7: 113 daAuts
